 Dungeon Crawl Stone Soup version 0.26-a0-844-g3dd439832f (webtiles) character file.

Game seed: 16081008140411382101

40 robertstho the Skirmisher (level 3, 0/36 HPs)
             Began as a Troll Fighter on Nov 18, 2020.
             Slain by a hobgoblin (1 damage)
             ... led by Robin
             ... on level 2 of the Dungeon.
             The game lasted 00:00:44 (489 turns).

robertstho the Skirmisher (Troll Fighter)            Turns: 489, Time: 00:00:45

Health: 0/36       AC:  6    Str: 24    XL:     3   Next: 30%
Magic:  2/2        EV:  8    Int:  5    God:
Gold:   29         SH:  8    Dex:  9    Spells: 2/2 levels left

rFire    . . .     SeeInvis .     - Unarmed
rCold    . . .     Faith    .   b - +0 kite shield
rNeg     . . .     Spirit   .   a - +0 robe
rPois    .         Reflect  .   (helmet restricted)
rElec    .         Harm     .   (no cloak)
rCorr    .         Rampage  .   (gloves unavailable)
MR       .....                  (boots unavailable)
Stlth    +.........             (no amulet)
HPRegen  0.52/turn              (no ring)
MPRegen  0.08/turn              (no ring)

@: no status effects
A: large, unfitting armour, claws 3, regeneration 1, shaggy fur 1, tough skin 3
a: no special abilities


You were on level 2 of the Dungeon.
You visited 1 branch of the dungeon, and saw 2 of its levels.

You collected 29 gold pieces.

Inventory:

Armour
 a - a +0 robe (worn)
 b - a +0 kite shield (worn)
Scrolls
 d - a scroll of fear {unknown}
 f - a scroll of remove curse {unknown}
 g - a scroll of teleportation {unknown}
Potions
 c - a potion of might
 e - a potion of curing {unknown}
 h - a potion of haste {unknown}


   Skills:
 * Level 2.9 Fighting
 + Level 2.6 Dodging
 + Level 2.8 Shields
 * Level 2.4 Unarmed Combat


You had 2 spell levels left.
You didn't know any spells.
Your spell library was empty.

Dungeon Overview and Level Annotations

Branches:
Dungeon (2/15)

Altars:

Annotations:
D:2 Robin


Innate Abilities, Weirdness & Mutations

You are too large for most types of armour.
You have claws for hands.
Your natural rate of healing is unusually fast.
You are covered in fur. (AC +1)
You have extremely tough skin. (AC +3)


Message History

You closely miss the goblin. The goblin hits you with a +0 club.
The hobgoblin hits you. Robin hits you but does no damage.
You scratch the goblin but do no damage.
The goblin hits you with a +0 dagger. The hobgoblin hits you with a +0 club.
The goblin barely misses you. The hobgoblin barely misses you.
You barely miss the goblin. Robin hits you but does no damage.
The goblin hits you with a +0 dagger! You block the hobgoblin's attack.
The goblin hits you but does no damage.
You completely miss the goblin. Robin barely misses you.
You block the goblin's attack. The hobgoblin hits you with a +0 club.
* * * LOW HITPOINT WARNING * * *
You block the hobgoblin's attack.
You claw the goblin!
You kill the goblin!
The hobgoblin no longer looks unusually strong. x2
The goblin hits you with a +0 club.
* * * LOW HITPOINT WARNING * * *
Robin hits you but does no damage. The hobgoblin barely misses you.
You block the hobgoblin's attack. The hobgoblin hits you.
You die...

###.....g.####
........^.....
##........... .
#............ ..
............ ...
#. (.......##....
#.. #g).#.......
#...##gg........#
#..)@gK<.......
#...##gg†.......#
#.. #.$.........
. ###########.


You could see Robin, 3 hobgoblins, 2 goblins and a kobold.

Vanquished Creatures
  2 dart slugs (D:1)
  3 bats
  6 goblins
  6 hobgoblins
  3 jackals (D:1)
  8 kobolds (D:1)
  4 rats (D:1)
32 creatures vanquished.

Notes
Turn   | Place    | Note
-------+----------+-------------------------------------------
     0 | D:1      | robertstho the Troll Fighter began the quest for the Orb.
     0 | D:1      | Reached XP level 1. HP: 22/22 MP: 0/0
    89 | D:1      | Reached XP level 2. HP: 29/29 MP: 1/1
   308 | D:1      | Reached XP level 3. HP: 32/36 MP: 2/2
   471 | D:2      | Noticed Robin
   489 | D:2      | HP: 1/36 [goblin/+0 club[Robin] (6)]
   489 | D:2      | Slain by a hobgoblin

Illustrated notes

Levels and vault maps discovered:
D:1:      lightli_arrival_flooded_house, layout_rooms
D:2:      layout_rooms, okawaru_metal_pillars_1_2, uniq_terence, uniq_robin

Action                   || total
-------------------------++-------
Melee: Unarmed           ||    88
Armor: Robe              ||    36
Dodge: Dodged            ||    36
Block: Kite shield       ||    46

Table legend: (Time is in decaauts)
 A = Elapsed time spent in this place.
 B = Non-inter-level travel time spent in this place.
 C = Inter-level travel time spent in this place.
 D = Time resting spent in this place.
 E = Time spent auto-exploring this place.
 F = Levels seen in this place.
 G = Mean time per level.
                   A        B        C        D        E       F      G
               +--------+--------+--------+--------+--------+-----+--------+
         Total |    490 |    481 |      9 |      0 |    333 |   2 |  245.0 |
       Dungeon |    490 |    481 |      9 |      0 |    333 |   2 |  245.0 |
               +--------+--------+--------+--------+--------+-----+--------+

Top non-repeatable levels by time:
     D:1: 472 daAuts
     D:2: 18 daAuts
